 Dungeon Crawl Stone Soup version 0.30.0 (webtiles) character file.

Game seed: 10551558355051929027

2 Yah the Sneak (level 1, 0/9 HPs)
             Began as a Spriggan Conjurer on Jan 18, 2024.
             Frozen to death by an endoplasm (4 damage)
             ... on level 1 of the Dungeon.
             The game lasted 00:05:17 (173 turns).

Yah the Sneak (Spriggan Conjurer)                    Turns: 173, Time: 00:05:22

Health: 0/9        AC:  2    Str:  3    XL:     1   Next: 25%
Magic:  5/5        EV: 17    Int: 19    God:
Gold:   0          SH:  0    Dex: 13    Spells: 4/5 levels left

rFire   . . .        g - +0 mace
rCold   . . .        (no shield)
rNeg    . . .        a - +0 robe
rPois   .            (helmet restricted)
rElec   .            (no cloak)
rCorr   .            (gloves unavailable)
SInv    +            (boots unavailable)
Will    .....        (no amulet)
Stlth   ++           (no ring)
HPRegen 0.21/turn    (no ring)
MPRegen 0.09/turn

%: no passive effects
@: very quick
A: very small, no large weapons, unfitting armour, see invisible, speed 3
a: no special abilities


You were on level 1 of the Dungeon.
You visited 1 branch of the dungeon, and saw 1 of its levels.

Inventory:

Hand Weapons
 g - a +0 mace (weapon)
Missiles
 d - 9 stones
Armour
 a - a +0 robe (worn)
 c - a +0 ring mail
Scrolls
 e - a scroll of noise {unknown}
Potions
 b - a potion of magic
 f - a potion of invisibility {unknown}


   Skills:
 - Level 2.6 Dodging
 - Level 3.0 Stealth
 * Level 2.7 Spellcasting
 * Level 3.0 Conjurations


You had 4 spell levels left.
You knew the following spells:

 Your Spells              Type           Power      Damage    Failure   Level
a - Magic Dart            Conj           56%        1d5       4%          1

Your spell library contained the following spells:

 Spells                   Type           Power      Damage    Failure   Level
 Searing Ray              Conj           28%        2d5       7%          2
 Dazzling Flash           Conj/Hex       16%        N/A       26%         3
 Fulminant Prism          Conj/Hex       4%         3d5       63%         4
 Iskenderun's Mystic Bla  Conj/Tloc      8%         2d4       63%         4


Dungeon Overview and Level Annotations

Branches:
Dungeon (1/15)

Altars:


Innate Abilities, Weirdness & Mutations

You are very small and have problems with some larger weapons.
You are too small for most types of armour.
You have supernaturally acute eyesight. (SInv)
You cover ground extremely quickly. (Speed+++)


Message History

Aim: a goblin, wielding a +0 club (47% to hit)
You throw a stone. The stone barely misses the goblin.
The goblin closely misses you.
Okay, then.
Aiming: Magic Dart (safe; 4% risk of failure)
Press: ? - help, Q - select action, (/) - cycle Shift-Dir - straight line, f/p - goblin
Aim: a goblin, wielding a +0 club (100% to hit)
The magic dart hits the goblin.
You kill the goblin!
You're too inexperienced to learn that spell!
Things that are here:
a +0 club; a goblin corpse
Found a mace.
Things that are here:
a +0 club; a goblin corpse
f - a +0 club
There is an escape hatch in the floor here.
Found 6 stones.
You see here a +0 mace.
g - a +0 mace
g - a +0 mace (weapon)
You drop a +0 club.
d - 9 stones (gained 6)
There are no items here.
Found 3 gold pieces and a murky cyan potion.
An endoplasm comes into view.
The endoplasm quivers.
Found a ring mail.
Found a scroll labelled TISEJU MYLONUZ.
You see here a murky cyan potion.
f - a murky cyan potion You barely miss the endoplasm.
The endoplasm barely misses you.
You hit the endoplasm.
The endoplasm is severely wounded.
The endoplasm freezes you.
You are frozen.
Ouch! That really hurt!
The endoplasm freezes you.
You are frozen.
You die...

#.# #†# #.# #.# #.#
#.#########.###.#
#######.##.......#...>#
#...#......######)#####
.......$...........#
.......#........####
...[.#...#..###.#
.......@....###.#
#...#.##J#...##.# . #
#........#
....##...#### ....
##.## ...? ..# ....
##.# ..... ..# ###


You could see an endoplasm.

Vanquished Creatures
  A goblin (D:1)
  A bat (D:1)
2 creatures vanquished.

Notes
Turn   | Place    | Note
-------+----------+-------------------------------------------
     0 | D:1      | Yah the Spriggan Conjurer began the quest for the Orb.
     0 | D:1      | Reached XP level 1. HP: 9/9 MP: 5/5
   173 | D:1      | Frozen to death by an endoplasm

Illustrated notes

Levels and vault maps discovered:
D:1:      saegor_arrival_miasma, layout_loops_ring

Skill      XL: |  1 |
---------------+----+-----
Conjurations   | 3 |  3.0
Dodging        | |  2.6
Stealth        | |  3.0
Spellcasting   | |  2.7

Action                     || total
---------------------------++-------
  Melee: Unarmed           ||    13
         Mace              ||     2
         Punch             ||     1
  Throw: Stone             ||     2
   Cast: Magic Dart        ||     1
 Armour: Robe              ||     5
  Dodge: Dodged            ||    20
